Blackhawks vs Flyers
Created - December 17, 2018 at 21:05
Goals
|
Blackhawks |
1 |
0 |
0 |
1 |
Flyers |
2 |
2 |
2 |
6 |
|
Shots
|
Blackhawks |
8 |
13 |
4 |
25 |
Flyers |
8 |
8 |
19 |
35 |
|
1st period
1. Flyers , Jeff Carter 11 (Oliver Ekman-Larsson 9) at 3:01 (SH)
2. Flyers , Jaromir Jagr 3 (Oliver Ekman-Larsson 10, Marcus Kruger 6) at 12:59
3. Blackhawks , Denis Grebeshkov 3 (Derick Brassard 18, Lasse Kukkonen 5) at 17:40 (PP)
Penalties :
Drew Miller (Phi) for Cross-checking (Minor) at 1:20, Victor Bartley (Phi) for Hooking (Minor) at 16:32
2nd period
4. Flyers , Dany Heatley 7 (Jaromir Jagr 8, Marcus Kruger 7) at 9:06
5. Flyers , Jaromir Jagr 4 (Jonathan Ericsson 9, Marcus Kruger 8) at 10:10
Penalties :
Victor Bartley (Phi) for Tripping (Minor) at 1:38, Drew Miller (Phi) for Roughing (Minor) at 6:59, Nathan Beaulieu (Phi) for Slashing (Minor) at 12:47, Cam Janssen (Chi) for Interference (Minor) at 14:59, Peter Regin (Chi) for High sticking (Minor) at 17:14
3rd period
6. Flyers , Jeff Carter 12 (Drew Miller 16, Jakub Voracek 21) at 4:48
7. Flyers , Dany Heatley 8 (Oliver Ekman-Larsson 11, Jaromir Jagr 9) at 7:17
Penalties :
Michael Frolik (Chi) for Holding (Minor) at 7:37
Goalie Stats
Al Montoya (Chi), 18 saves from 20 shots - (0.900), 29:50 minutes
Jimmy Howard (Chi), 11 saves from 15 shots - (0.733), L, 8-12-1, 30:10 minutes
Cory Schneider (Phi), 24 saves from 25 shots - (0.960), W, 12-1-1, 60:00 minutes
Players Stats for Blackhawks
Player Name G A P +/- PIM S H SB GA TA FO MP PP MP PK MP
------------------------------------------------------------------------------------
Antoine Roussel 0 0 0 -1 0 3 1 0 0 1 0/0 19:35 3:25 1:03
Cam Janssen 0 0 0 -2 2 0 2 0 0 1 1/1 10:54 0:08 1:24
Chris Kreider 0 0 0 -3 0 2 2 1 0 0 1/2 21:47 5:28 2:16
Denis Grebeshkov 1 0 1 -1 0 1 1 0 2 0 0/0 20:49 4:41 2:26
Derick Brassard 0 1 1 -3 0 1 1 1 2 0 16/29 22:32 5:31 2:54
Hampus Lindholm 0 0 0 -1 0 1 1 0 0 1 0/0 10:33 0:00 0:00
Joni Pitkanen 0 0 0 -4 0 1 2 7 0 2 0/0 28:38 4:23 3:31
Kevin Marshall 0 0 0 -1 0 2 1 1 0 0 0/0 10:33 0:00 0:00
Lasse Kukkonen 0 1 1 -1 0 1 1 0 0 1 0/0 20:49 4:41 2:26
Mason Raymond 0 0 0 0 0 0 0 0 0 0 0/1 6:38 0:00 0:12
Michael Frolik 0 0 0 -1 2 4 0 0 1 0 0/1 18:35 3:25 0:00
Mike Green 0 0 0 -4 0 2 0 1 1 0 0/0 28:38 4:23 3:31
Peter Regin 0 0 0 -1 2 1 3 0 0 0 1/13 18:31 3:25 0:00
Rick Nash 0 0 0 -3 0 1 2 0 0 1 3/4 22:17 5:26 2:57
Ryan Johansen 0 0 0 -2 0 0 0 0 0 0 1/1 10:30 0:08 1:03
Tomas Fleischmann 0 0 0 -2 0 2 0 0 0 0 0/0 9:44 0:16 0:00
Tyler Kennedy 0 0 0 0 0 1 0 0 0 0 0/0 6:26 0:00 0:00
Zac Rinaldo 0 0 0 0 0 2 2 0 0 0 1/3 6:31 0:00 0:05
Players Stats for Flyers
Player Name G A P +/- PIM S H SB GA TA FO MP PP MP PK MP
------------------------------------------------------------------------------------
Brian McGrattan 0 0 0 0 0 0 1 0 0 0 0/0 6:14 0:03 0:00
Chris Mcallister 0 0 0 1 0 1 0 0 0 1 0/0 10:44 0:03 4:17
Cody Eakin 0 0 0 0 0 0 0 0 0 0 2/2 7:06 0:24 0:04
Dany Heatley 2 0 2 4 0 5 1 1 0 0 0/0 11:15 0:00 0:03
Drew Miller 0 1 1 1 4 4 2 1 2 2 2/2 19:11 2:57 0:00
J.T. Miller 0 0 0 0 0 1 0 1 1 0 2/4 19:02 2:57 4:44
Jakub Voracek 0 1 1 1 0 3 1 0 1 1 1/1 18:59 2:57 0:00
Jaromir Jagr 2 2 4 4 0 6 0 0 0 1 0/0 11:12 0:00 0:00
Jeff Carter 2 0 2 2 0 6 1 0 0 0 10/28 23:15 2:43 4:17
Jeff Woywitka 0 0 0 3 0 0 1 2 1 0 0/0 21:41 2:45 4:35
Jonathan Ericsson 0 1 1 2 0 1 1 3 0 1 0/0 27:41 2:45 4:35
Kyle Wellwood 0 0 0 0 0 1 0 0 1 0 11/14 18:27 2:50 4:43
Marcus Kruger 0 3 3 4 0 3 0 0 0 0 3/4 11:12 0:00 0:00
Mats Zuccarello 0 0 0 0 0 1 3 0 1 0 0/0 13:37 2:57 0:00
Matt Smaby 0 0 0 1 0 0 2 3 0 0 0/0 20:09 3:12 4:29
Nathan Beaulieu 0 0 0 2 2 0 1 1 0 0 0/0 10:36 0:00 0:00
Oliver Ekman-Larsson 0 3 3 4 0 3 1 1 0 0 0/0 27:33 3:12 4:29
Victor Bartley 0 0 0 0 4 0 3 1 0 0 0/0 12:57 0:00 0:00
3 Stars
1 - Jaromir Jagr (Phi)
2 - Dany Heatley (Phi)
3 - Oliver Ekman-Larsson (Phi)
Power Play
Blackhawks - 1 on 5 Attempt(s) - 20.00%
Flyers - 0 on 3 Attempt(s) - 0.00%
Penalty Kill
Blackhawks - 3 on 3 Attempt(s) - 100.00%
- Score 0 goal in Penalty Kill
Flyers - 4 on 5 Attempt(s) - 80.00%
- Score 1 goal in Penalty Kill
Team Stat
Blackhawks - Hits : 19 - Faceoff Wins : 24 - Blocked Shots : 11 - Penalty Minutes : 6
Flyers - Hits : 18 - Faceoff Wins : 31 - Blocked Shots : 14 - Penalty Minutes : 10
Official
Referees : Unknown
Linesman : Unknown
Game Notes
Al Montoya enters game at 10:10 of 2nd period
Finance
Level 1 -- Attendance: 3521 (58.68%) -- Ticket Income $440,125
Level 2 -- Attendance: 3385 (67.70%) -- Ticket Income $253,875
Level 3 -- Attendance: 1269 (63.45%) -- Ticket Income $63,450
Level 4 -- Attendance: 2178 (54.45%) -- Ticket Income $87,120
Luxury Box -- Attendance: 546 (54.60%) -- Ticket Income $136,500
Game was played at the Wells Fargo Center.
Total Attendance: 10899 (60.55%)
Total Ticket Income: $981,070
Other Income: $147,160
Total Income: $1,128,230
Blackhawks
5 vs 5 Forward
Center Left Wing Right Wing Time % Phy DF OF
1 Derick Brassard Chris Kreider Rick Nash 40 1 2 2
2 Peter Regin Antoine Roussel Michael Frolik 30 1 2 2
3 Ryan Johansen Tomas Fleischmann Cam Janssen 20 1 2 2
4 Zac Rinaldo Mason Raymond Tyler Kennedy 10 1 2 2
5 vs 5 Defense
Defense Defense Time % Phy DF OF
1 Mike Green Joni Pitkanen 40 1 2 2
2 Denis Grebeshkov Lasse Kukkonen 30 1 2 2
3 Kevin Marshall Hampus Lindholm 20 1 2 2
4 Mike Green Joni Pitkanen 10 1 2 2
PowerPlay Forward
Center Left Wing Right Wing Time % Phy DF OF
1 Derick Brassard Chris Kreider Rick Nash 60 1 2 2
2 Peter Regin Antoine Roussel Michael Frolik 40 1 2 2
PowerPlay Defense
Defense Defense Time % Phy DF OF
1 Mike Green Joni Pitkanen 60 1 2 2
2 Denis Grebeshkov Lasse Kukkonen 40 1 2 2
Penalty Kill 4 Players Forward
Center Wing Time % Phy DF OF
1 Rick Nash Derick Brassard 60 1 2 2
2 Chris Kreider Antoine Roussel 40 1 2 2
Penalty Kill 4 Players Defense
Defense Defense Time % Phy DF OF
1 Mike Green Joni Pitkanen 60 1 2 2
2 Denis Grebeshkov Lasse Kukkonen 40 1 2 2
Penalty Kill - 3 Players Forward
Forward Time % Phy DF OF
1 Rick Nash 60 1 2 2
2 Derick Brassard 40 1 2 2
Penalty Kill - 3 Players Defense
Defense Defense Time % Phy DF OF
1 Mike Green Joni Pitkanen 60 1 2 2
2 Denis Grebeshkov Lasse Kukkonen 40 1 2 2
4 vs 4 Forward
Center Wing Time % Phy DF OF
1 Rick Nash Derick Brassard 60 1 2 2
2 Chris Kreider Antoine Roussel 40 1 2 2
4 vs 4 Defense
Defense Defense Time % Phy DF OF
1 Mike Green Joni Pitkanen 60 1 2 2
2 Denis Grebeshkov Lasse Kukkonen 40 1 2 2
Last Minutes Offensive
Center Left Wing Right Wing Defense Defense
Derick Brassard Chris Kreider Rick Nash Mike Green Joni Pitkanen
Last Minutes Defensive
Center Left Wing Right Wing Defense Defense
Derick Brassard Chris Kreider Rick Nash Mike Green Joni Pitkanen
Goaltenders
Starting : Jimmy Howard
Backup : Al Montoya
Extra Forwards
Normal : Tomas Fleischmann, Ryan Johansen, Cam Janssen - PP : Tomas Fleischmann, Ryan Johansen - PK : Cam Janssen
Extra Defensemen
Normal : Kevin Marshall, Hampus Lindholm, Denis Grebeshkov - PP : Kevin Marshall - PK : Hampus Lindholm, Denis Grebeshkov
Penalty Shots
Rick Nash, Derick Brassard, Chris Kreider, Antoine Roussel, Michael Frolik
Scratches
None
Flyers
5 vs 5 Forward
Center Left Wing Right Wing Time % Phy DF OF
1 Jeff Carter Drew Miller Jakub Voracek 40 0 1 4
2 Kyle Wellwood J.T. Miller Mats Zuccarello 30 0 1 4
3 Marcus Kruger Dany Heatley Jaromir Jagr 20 0 1 4
4 Cody Eakin Chris Mcallister Brian McGrattan 10 0 4 1
5 vs 5 Defense
Defense Defense Time % Phy DF OF
1 Oliver Ekman-Larsson Jonathan Ericsson 30 1 3 1
2 Jeff Woywitka Nathan Beaulieu 30 1 3 1
3 Victor Bartley Matt Smaby 30 1 3 1
4 Oliver Ekman-Larsson Jeff Woywitka 10 1 3 1
PowerPlay Forward
Center Left Wing Right Wing Time % Phy DF OF
1 Jeff Carter Drew Miller Jakub Voracek 50 0 1 4
2 Kyle Wellwood J.T. Miller Mats Zuccarello 50 0 1 4
PowerPlay Defense
Defense Defense Time % Phy DF OF
1 Oliver Ekman-Larsson Matt Smaby 50 0 2 3
2 Jonathan Ericsson Jeff Woywitka 50 0 2 3
Penalty Kill 4 Players Forward
Center Wing Time % Phy DF OF
1 Jeff Carter Chris Mcallister 50 0 4 1
2 Kyle Wellwood J.T. Miller 50 0 4 1
Penalty Kill 4 Players Defense
Defense Defense Time % Phy DF OF
1 Oliver Ekman-Larsson Matt Smaby 50 1 4 0
2 Jeff Woywitka Jonathan Ericsson 50 1 4 0
Penalty Kill - 3 Players Forward
Forward Time % Phy DF OF
1 Jeff Carter 50 0 4 1
2 Kyle Wellwood 50 0 4 1
Penalty Kill - 3 Players Defense
Defense Defense Time % Phy DF OF
1 Oliver Ekman-Larsson Matt Smaby 50 1 4 0
2 Jeff Woywitka Jonathan Ericsson 50 1 4 0
4 vs 4 Forward
Center Wing Time % Phy DF OF
1 Jeff Carter Jakub Voracek 50 0 2 3
2 Kyle Wellwood J.T. Miller 50 0 2 3
4 vs 4 Defense
Defense Defense Time % Phy DF OF
1 Oliver Ekman-Larsson Matt Smaby 50 1 3 1
2 Jeff Woywitka Jonathan Ericsson 50 1 3 1
Last Minutes Offensive
Center Left Wing Right Wing Defense Defense
Jeff Carter Drew Miller Jakub Voracek Oliver Ekman-Larsson Jeff Woywitka
Last Minutes Defensive
Center Left Wing Right Wing Defense Defense
Kyle Wellwood Chris Mcallister Brian McGrattan Oliver Ekman-Larsson Jeff Woywitka
Goaltenders
Starting : Cory Schneider
Backup : Steve Mason
Extra Forwards
Normal : Jeff Carter, Kyle Wellwood, Drew Miller - PP : Jeff Carter, Kyle Wellwood - PK : Chris Mcallister
Extra Defensemen
Normal : Oliver Ekman-Larsson, Jeff Woywitka, Jonathan Ericsson - PP : Oliver Ekman-Larsson - PK : Oliver Ekman-Larsson, Jeff Woywitka
Penalty Shots
Jeff Carter, Dany Heatley, Kyle Wellwood, Jaromir Jagr, J.T. Miller
Scratches
Matthew Lombardi (Torn Left Knee Ligaments Injury)
% Time on Ice - Blackhawks
Lines # - Real PCT - Wanted PCT - Time Play
Normal Forward
1 - 32% - 40% - 14:20
2 - 34% - 30% - 15:07
3 - 20% - 20% - 9:06
4 - 14% - 10% - 6:26
Normal Defense
1 - 40% - 40% - 18:07
2 - 30% - 30% - 13:42
3 - 23% - 20% - 10:33
4 - 6% - 10% - 2:37
PP Forward
1 - 62% - 60% - 5:39
2 - 38% - 40% - 3:25
PP Defense
1 - 48% - 60% - 4:23
2 - 52% - 40% - 4:41
PK Forward
1 - 82% - 60% - 4:54
2 - 18% - 40% - 1:03
PK Defense
1 - 59% - 60% - 3:31
2 - 41% - 40% - 2:26
PK3 Forward
1 - 0% - 60%
2 - 0% - 40%
PK3 Defense
1 - 0% - 60%
2 - 0% - 40%
44 Forward
1 - 0% - 60%
2 - 0% - 40%
44 Defense
1 - 0% - 60%
2 - 0% - 40%
Last Minute Offensive - 0:00
Last Minute Defensive - 0:00
Total
Forward - 60:00
Defense - 60:00
|
% Time on Ice - Flyers
Lines # - Real PCT - Wanted PCT - Time Play
Normal Forward
1 - 36% - 40% - 16:15
2 - 26% - 30% - 11:30
3 - 25% - 20% - 11:12
4 - 13% - 10% - 6:02
Normal Defense
1 - 41% - 30% - 18:15
2 - 28% - 30% - 12:44
3 - 28% - 30% - 12:23
4 - 4% - 10% - 1:37
PP Forward
1 - 50% - 50% - 2:57
2 - 50% - 50% - 3:00
PP Defense
1 - 54% - 50% - 3:12
2 - 46% - 50% - 2:45
PK Forward
1 - 47% - 50% - 4:17
2 - 53% - 50% - 4:47
PK Defense
1 - 49% - 50% - 4:29
2 - 51% - 50% - 4:35
PK3 Forward
1 - 0% - 50%
2 - 0% - 50%
PK3 Defense
1 - 0% - 50%
2 - 0% - 50%
44 Forward
1 - 0% - 50%
2 - 0% - 50%
44 Defense
1 - 0% - 50%
2 - 0% - 50%
Last Minute Offensive - 0:00
Last Minute Defensive - 0:00
Total
Forward - 60:00
Defense - 60:00
|
Play by Play
1st period
0:01 of 1st period - Derick Brassard wins face-off versus Jeff Carter in neutral zone.
0:04 of 1st period - Wrist shot by Mike Green.
0:04 of 1st period - Shot Misses the Net.
0:14 of 1st period - Snap shot by Drew Miller.
0:14 of 1st period - Stopped by Jimmy Howard without a rebound.
0:15 of 1st period - Kyle Wellwood wins face-off versus Peter Regin in Blackhawks zone.
1:15 of 1st period - Wrist shot by Rick Nash.
1:15 of 1st period - Shot Misses the Net.
1:17 of 1st period - Slapshot by Kevin Marshall.
1:17 of 1st period - Stopped by Cory Schneider without a rebound.
1:18 of 1st period - Jeff Carter wins face-off versus Mason Raymond in Flyers zone.
1:20 of 1st period - Minor Penalty to Drew Miller for Cross-checking.
1:21 of 1st period - Derick Brassard wins face-off versus Jeff Carter in Flyers zone.
1:23 of 1st period - Wrist shot by Chris Kreider.
1:23 of 1st period - Shot Blocked by Matt Smaby.
1:25 of 1st period - Slapshot by Mike Green.
1:25 of 1st period - Stopped by Cory Schneider with a rebound.
1:27 of 1st period - Snap shot by Rick Nash.
1:27 of 1st period - Stopped by Cory Schneider without a rebound.
1:28 of 1st period - Jeff Carter wins face-off versus Derick Brassard in Flyers zone.
1:28 of 1st period - Jeff Carter is hit by Chris Kreider.
2:45 of 1st period - Icing by Denis Grebeshkov.
2:46 of 1st period - Jeff Carter wins face-off versus Derick Brassard in Blackhawks zone.
3:01 of 1st period - Backhand shot by Jeff Carter.
3:01 of 1st period - Goal by Jeff Carter - Blackhawks : 0 - Flyers : 1.
3:02 of 1st period - Derick Brassard wins face-off versus Kyle Wellwood in neutral zone.
3:20 of 1st period - Penalty to Drew Miller is over, Drew Miller is back on ice.
4:21 of 1st period - Lasse Kukkonen is hit by Matt Smaby and loses puck.
4:32 of 1st period - Lasse Kukkonen is hit by Jakub Voracek and loses puck.
4:44 of 1st period - Off-side.
4:45 of 1st period - Derick Brassard wins face-off versus Kyle Wellwood in neutral zone.
4:56 of 1st period - Chris Kreider is hit by Mats Zuccarello and loses puck.
5:11 of 1st period - Wrist shot by Drew Miller.
5:11 of 1st period - Stopped by Jimmy Howard with a rebound.
5:31 of 1st period - Ryan Johansen is hit by Victor Bartley and loses puck.
5:42 of 1st period - Wrist shot by Tomas Fleischmann.
5:42 of 1st period - Shot Misses the Net.
6:23 of 1st period - Antoine Roussel is hit by Drew Miller and loses puck.
6:38 of 1st period - Jonathan Ericsson is hit by Zac Rinaldo.
7:12 of 1st period - Marcus Kruger is hit by Rick Nash and loses puck.
7:43 of 1st period - Snap shot by Antoine Roussel.
7:43 of 1st period - Shot Blocked by Matt Smaby.
8:27 of 1st period - Jonathan Ericsson is hit by Joni Pitkanen and loses puck.
8:44 of 1st period - Wrist shot by Ryan Johansen.
8:44 of 1st period - Shot Blocked by Jonathan Ericsson.
8:54 of 1st period - Jeff Carter is hit by Cam Janssen and loses puck.
9:05 of 1st period - Jonathan Ericsson is hit by Kevin Marshall.
9:09 of 1st period - Snap shot by Michael Frolik.
9:09 of 1st period - Stopped by Cory Schneider with a rebound.
9:21 of 1st period - Snap shot by Jakub Voracek.
9:21 of 1st period - Shot Misses the Net.
9:27 of 1st period - Oliver Ekman-Larsson is hit by Chris Kreider and loses puck.
9:52 of 1st period - Wrist shot by Mats Zuccarello.
9:52 of 1st period - Stopped by Jimmy Howard without a rebound.
9:53 of 1st period - Kyle Wellwood wins face-off versus Derick Brassard in Blackhawks zone.
9:54 of 1st period - Snap shot by J.T. Miller.
9:54 of 1st period - Deflect By Mats Zuccarello.
9:54 of 1st period - Shot Blocked by Joni Pitkanen.
9:54 of 1st period - Puck is out of play.
9:55 of 1st period - Kyle Wellwood wins face-off versus Derick Brassard in Blackhawks zone.
10:46 of 1st period - Icing by Jaromir Jagr.
10:47 of 1st period - Cam Janssen wins face-off versus Marcus Kruger in Flyers zone.
10:50 of 1st period - Slapshot by Ryan Johansen.
10:50 of 1st period - Shot Misses the Net.
10:56 of 1st period - Denis Grebeshkov is hit by Nathan Beaulieu and loses puck.
11:27 of 1st period - Wrist shot by Tomas Fleischmann.
11:27 of 1st period - Stopped by Cory Schneider with a rebound.
11:34 of 1st period - Icing by Jakub Voracek.
11:35 of 1st period - Kyle Wellwood wins face-off versus Peter Regin in Flyers zone.
11:35 of 1st period - Kyle Wellwood is hit by Antoine Roussel.
11:40 of 1st period - Off-side.
11:41 of 1st period - Kyle Wellwood wins face-off versus Peter Regin in neutral zone.
11:45 of 1st period - Off-side.
11:46 of 1st period - Derick Brassard wins face-off versus Jeff Carter in neutral zone.
11:55 of 1st period - Jakub Voracek is hit by Rick Nash and loses puck.
12:57 of 1st period - Wrist shot by Jaromir Jagr.
12:57 of 1st period - Shot Misses the Net.
12:59 of 1st period - Slapshot by Oliver Ekman-Larsson.
12:59 of 1st period - Deflect By Jaromir Jagr.
12:59 of 1st period - Goal by Jaromir Jagr - Blackhawks : 0 - Flyers : 2.
13:00 of 1st period - Derick Brassard wins face-off versus Jeff Carter in neutral zone.
13:07 of 1st period - Slapshot by Derick Brassard.
13:07 of 1st period - Shot Misses the Net.
13:33 of 1st period - Off-side.
13:34 of 1st period - Kyle Wellwood wins face-off versus Peter Regin in neutral zone.
14:32 of 1st period - Wrist shot by Marcus Kruger.
14:32 of 1st period - Shot Blocked by Joni Pitkanen.
14:38 of 1st period - Snap shot by Jaromir Jagr.
14:38 of 1st period - Stopped by Jimmy Howard without a rebound.
14:39 of 1st period - Kyle Wellwood wins face-off versus Derick Brassard in Blackhawks zone.
15:06 of 1st period - Michael Frolik is hit by Brian McGrattan and loses puck.
15:15 of 1st period - Jonathan Ericsson is hit by Peter Regin and loses puck.
16:19 of 1st period - Slapshot by Mike Green.
16:19 of 1st period - Stopped by Cory Schneider with a rebound.
16:32 of 1st period - Minor Penalty to Victor Bartley for Hooking.
16:33 of 1st period - Jeff Carter wins face-off versus Derick Brassard in Flyers zone.
16:42 of 1st period - Off-side.
16:43 of 1st period - Rick Nash wins face-off versus Jeff Carter in neutral zone.
17:14 of 1st period - Wrist shot by Derick Brassard.
17:14 of 1st period - Shot Misses the Net.
17:40 of 1st period - Slapshot by Denis Grebeshkov.
17:40 of 1st period - Goal by Denis Grebeshkov - Blackhawks : 1 - Flyers : 2.
17:41 of 1st period - Jeff Carter wins face-off versus Peter Regin in neutral zone.
17:49 of 1st period - Wrist shot by Michael Frolik.
17:49 of 1st period - Shot Blocked by Jeff Woywitka.
18:17 of 1st period - Wrist shot by Tyler Kennedy.
18:17 of 1st period - Shot Misses the Net.
18:19 of 1st period - Wrist shot by Tyler Kennedy.
18:19 of 1st period - Shot Blocked by Jeff Woywitka.
18:31 of 1st period - Kevin Marshall is hit by Oliver Ekman-Larsson and loses puck.
18:36 of 1st period - Slapshot by J.T. Miller.
18:36 of 1st period - Stopped by Jimmy Howard without a rebound.
18:37 of 1st period - Derick Brassard wins face-off versus J.T. Miller in Blackhawks zone.
18:43 of 1st period - Icing by Victor Bartley.
18:44 of 1st period - Kyle Wellwood wins face-off versus Derick Brassard in Flyers zone.
19:49 of 1st period - Slapshot by Derick Brassard.
19:49 of 1st period - Stopped by Cory Schneider without a rebound.
19:50 of 1st period - Jeff Carter wins face-off versus Michael Frolik in Flyers zone.
19:59 of 1st period - Snap shot by Jakub Voracek.
19:59 of 1st period - Stopped by Jimmy Howard without a rebound.
Goals for this period are 1 for Blackhawks vs 2 for Flyers.
Shots for this period are 8 for Blackhawks vs 8 for Flyers.
2nd period
0:01 of 2nd period - Jakub Voracek wins face-off versus Derick Brassard in neutral zone.
0:27 of 2nd period - Kyle Wellwood is hit by Peter Regin and loses puck.
0:38 of 2nd period - Slapshot by Mats Zuccarello.
0:38 of 2nd period - Shot Misses the Net.
1:08 of 2nd period - Nathan Beaulieu is hit by Zac Rinaldo and loses puck.
1:38 of 2nd period - Minor Penalty to Victor Bartley for Tripping.
1:39 of 2nd period - Derick Brassard wins face-off versus Jeff Carter in Flyers zone.
3:38 of 2nd period - Penalty to Victor Bartley is over, Victor Bartley is back on ice.
4:03 of 2nd period - Zac Rinaldo is hit by Jeff Woywitka and loses puck.
4:45 of 2nd period - Snap shot by Drew Miller.
4:45 of 2nd period - Stopped by Jimmy Howard without a rebound.
4:46 of 2nd period - Zac Rinaldo wins face-off versus Jeff Carter in Blackhawks zone.
4:46 of 2nd period - Zac Rinaldo is hit by Victor Bartley.
4:52 of 2nd period - Drew Miller is hit by Hampus Lindholm and loses puck.
5:05 of 2nd period - Michael Frolik is hit by Matt Smaby and loses puck.
5:14 of 2nd period - Snap shot by Marcus Kruger.
5:14 of 2nd period - Shot Misses the Net.
5:28 of 2nd period - Snap shot by Cody Eakin.
5:28 of 2nd period - Shot Blocked by Derick Brassard.
6:07 of 2nd period - Off-side.
6:08 of 2nd period - Kyle Wellwood wins face-off versus Zac Rinaldo in neutral zone.
6:17 of 2nd period - Wrist shot by Zac Rinaldo.
6:17 of 2nd period - Stopped by Cory Schneider with a rebound.
6:19 of 2nd period - Snap shot by Tyler Kennedy.
6:19 of 2nd period - Deflect By Zac Rinaldo.
6:19 of 2nd period - Stopped by Cory Schneider with a rebound.
6:21 of 2nd period - Slapshot by Tyler Kennedy.
6:21 of 2nd period - Stopped by Cory Schneider with a rebound.
6:33 of 2nd period - Snap shot by Peter Regin.
6:33 of 2nd period - Shot Misses the Net.
6:39 of 2nd period - Snap shot by Antoine Roussel.
6:39 of 2nd period - Deflect By Michael Frolik.
6:39 of 2nd period - Stopped by Cory Schneider with a rebound.
6:41 of 2nd period - Snap shot by Hampus Lindholm.
6:41 of 2nd period - Stopped by Cory Schneider with a rebound.
6:43 of 2nd period - Snap shot by Antoine Roussel.
6:43 of 2nd period - Stopped by Cory Schneider without a rebound.
6:44 of 2nd period - Derick Brassard wins face-off versus Jeff Carter in Flyers zone.
6:45 of 2nd period - Slapshot by Rick Nash.
6:45 of 2nd period - Shot Blocked by Oliver Ekman-Larsson.
6:51 of 2nd period - Slapshot by Jakub Voracek.
6:51 of 2nd period - Stopped by Jimmy Howard without a rebound.
6:52 of 2nd period - Chris Kreider wins face-off versus Jeff Carter in Blackhawks zone.
6:57 of 2nd period - Wrist shot by Rick Nash.
6:57 of 2nd period - Shot Misses the Net.
6:59 of 2nd period - Minor Penalty to Drew Miller for Roughing.
7:00 of 2nd period - Derick Brassard wins face-off versus Jeff Carter in Flyers zone.
7:37 of 2nd period - Wrist shot by Antoine Roussel.
7:37 of 2nd period - Stopped by Cory Schneider with a rebound.
7:39 of 2nd period - Snap shot by Peter Regin.
7:39 of 2nd period - Stopped by Cory Schneider without a rebound.
7:40 of 2nd period - J.T. Miller wins face-off versus Derick Brassard in Flyers zone.
8:15 of 2nd period - Snap shot by Michael Frolik.
8:15 of 2nd period - Stopped by Cory Schneider with a rebound.
8:59 of 2nd period - Penalty to Drew Miller is over, Drew Miller is back on ice.
9:06 of 2nd period - Wrist shot by Jaromir Jagr.
9:06 of 2nd period - Deflect By Dany Heatley.
9:06 of 2nd period - Goal by Dany Heatley - Blackhawks : 1 - Flyers : 3.
9:07 of 2nd period - Jeff Carter wins face-off versus Derick Brassard in neutral zone.
9:10 of 2nd period - Wrist shot by Jonathan Ericsson.
9:10 of 2nd period - Stopped by Jimmy Howard with a rebound.
9:12 of 2nd period - Snap shot by Oliver Ekman-Larsson.
9:12 of 2nd period - Deflect By Derick Brassard.
9:12 of 2nd period - Stopped by Jimmy Howard without a rebound.
9:13 of 2nd period - Derick Brassard wins face-off versus Jeff Carter in Blackhawks zone.
9:26 of 2nd period - Wrist shot by Jakub Voracek.
9:26 of 2nd period - Stopped by Jimmy Howard with a rebound.
9:51 of 2nd period - Slapshot by Mats Zuccarello.
9:51 of 2nd period - Shot Misses the Net.
10:03 of 2nd period - Cam Janssen is hit by Dany Heatley and loses puck.
10:10 of 2nd period - Snap shot by Jaromir Jagr.
10:10 of 2nd period - Goal by Jaromir Jagr - Blackhawks : 1 - Flyers : 4.
10:10 of 2nd period - Al Montoya enters game.
10:11 of 2nd period - Derick Brassard wins face-off versus Jeff Carter in neutral zone.
10:18 of 2nd period - Snap shot by Chris Kreider.
10:18 of 2nd period - Shot Blocked by Drew Miller.
10:28 of 2nd period - Snap shot by Jeff Carter.
10:28 of 2nd period - Stopped by Al Montoya with a rebound.
10:51 of 2nd period - Snap shot by Derick Brassard.
10:51 of 2nd period - Shot Blocked by Dany Heatley.
10:53 of 2nd period - Snap shot by Chris Kreider.
10:53 of 2nd period - Stopped by Cory Schneider with a rebound.
10:55 of 2nd period - Snap shot by Denis Grebeshkov.
10:55 of 2nd period - Deflect By Chris Kreider.
10:55 of 2nd period - Stopped by Cory Schneider without a rebound.
10:56 of 2nd period - Peter Regin wins face-off versus Jeff Carter in Flyers zone.
11:23 of 2nd period - J.T. Miller is hit by Cam Janssen and loses puck.
11:32 of 2nd period - Snap shot by Tomas Fleischmann.
11:32 of 2nd period - Stopped by Cory Schneider with a rebound.
12:28 of 2nd period - Slapshot by Denis Grebeshkov.
12:28 of 2nd period - Shot Misses the Net.
12:30 of 2nd period - Wrist shot by Peter Regin.
12:30 of 2nd period - Deflect By Michael Frolik.
12:30 of 2nd period - Shot Blocked by Nathan Beaulieu.
12:30 of 2nd period - Puck is out of play.
12:31 of 2nd period - Jeff Carter wins face-off versus Peter Regin in Flyers zone.
12:36 of 2nd period - Mike Green is hit by Jeff Carter.
12:47 of 2nd period - Minor Penalty to Nathan Beaulieu for Slashing.
12:48 of 2nd period - Derick Brassard wins face-off versus Jeff Carter in Flyers zone.
13:04 of 2nd period - Wrist shot by Derick Brassard.
13:04 of 2nd period - Shot Blocked by J.T. Miller.
13:26 of 2nd period - Wrist shot by Michael Frolik.
13:26 of 2nd period - Shot Misses the Net.
13:28 of 2nd period - Backhand shot by Joni Pitkanen.
13:28 of 2nd period - Shot Blocked by Matt Smaby.
13:30 of 2nd period - Slapshot by Joni Pitkanen.
13:30 of 2nd period - Stopped by Cory Schneider with a rebound.
13:57 of 2nd period - J.T. Miller is hit by Derick Brassard and loses puck.
14:47 of 2nd period - Penalty to Nathan Beaulieu is over, Nathan Beaulieu is back on ice.
14:59 of 2nd period - Minor Penalty to Cam Janssen for Interference.
15:00 of 2nd period - Rick Nash wins face-off versus Jeff Carter in Blackhawks zone.
16:59 of 2nd period - Penalty to Cam Janssen is over, Cam Janssen is back on ice.
17:14 of 2nd period - Minor Penalty to Peter Regin for High sticking.
17:15 of 2nd period - Kyle Wellwood wins face-off versus Rick Nash in Blackhawks zone.
17:17 of 2nd period - Snap shot by Mats Zuccarello.
17:17 of 2nd period - Shot Misses the Net.
19:14 of 2nd period - Penalty to Peter Regin is over, Peter Regin is back on ice.
19:38 of 2nd period - Icing by Jeff Woywitka.
19:39 of 2nd period - Marcus Kruger wins face-off versus Peter Regin in Flyers zone.
19:50 of 2nd period - Slapshot by Michael Frolik.
19:50 of 2nd period - Shot Misses the Net.
Goals for this period are 0 for Blackhawks vs 2 for Flyers.
Shots for this period are 13 for Blackhawks vs 8 for Flyers.
3rd period
0:01 of 3rd period - Derick Brassard wins face-off versus Jeff Carter in neutral zone.
0:09 of 3rd period - Wrist shot by Drew Miller.
0:09 of 3rd period - Stopped by Al Montoya with a rebound.
0:55 of 3rd period - Jaromir Jagr is hit by Denis Grebeshkov and loses puck.
2:08 of 3rd period - Slapshot by Hampus Lindholm.
2:08 of 3rd period - Shot Misses the Net.
2:10 of 3rd period - Slapshot by Kevin Marshall.
2:10 of 3rd period - Stopped by Cory Schneider without a rebound.
2:11 of 3rd period - Ryan Johansen wins face-off versus Jeff Carter in Flyers zone.
3:01 of 3rd period - Derick Brassard is hit by Mats Zuccarello and loses puck.
3:24 of 3rd period - Slapshot by Mike Green.
3:24 of 3rd period - Deflect By Michael Frolik.
3:24 of 3rd period - Shot Blocked by Jonathan Ericsson.
3:24 of 3rd period - Puck is out of play.
3:25 of 3rd period - Marcus Kruger wins face-off versus Peter Regin in Flyers zone.
3:25 of 3rd period - Marcus Kruger is hit by Lasse Kukkonen.
3:57 of 3rd period - Wrist shot by Antoine Roussel.
3:57 of 3rd period - Shot Misses the Net.
4:02 of 3rd period - Snap shot by Michael Frolik.
4:02 of 3rd period - Shot Blocked by Jonathan Ericsson.
4:04 of 3rd period - Snap shot by Peter Regin.
4:04 of 3rd period - Shot Misses the Net.
4:06 of 3rd period - Wrist shot by Michael Frolik.
4:06 of 3rd period - Shot Misses the Net.
4:14 of 3rd period - Wrist shot by Michael Frolik.
4:14 of 3rd period - Shot Misses the Net.
4:32 of 3rd period - Snap shot by Jaromir Jagr.
4:32 of 3rd period - Stopped by Al Montoya with a rebound.
4:34 of 3rd period - Wrist shot by Jaromir Jagr.
4:34 of 3rd period - Deflect By Hampus Lindholm.
4:34 of 3rd period - Stopped by Al Montoya without a rebound.
4:35 of 3rd period - Derick Brassard wins face-off versus Jeff Carter in Blackhawks zone.
4:46 of 3rd period - Snap shot by Drew Miller.
4:46 of 3rd period - Shot Blocked by Joni Pitkanen.
4:48 of 3rd period - Snap shot by Jeff Carter.
4:48 of 3rd period - Goal by Jeff Carter - Blackhawks : 1 - Flyers : 5.
4:49 of 3rd period - Drew Miller wins face-off versus Derick Brassard in neutral zone.
6:03 of 3rd period - Icing by Oliver Ekman-Larsson.
6:04 of 3rd period - Marcus Kruger wins face-off versus Derick Brassard in Flyers zone.
6:17 of 3rd period - Snap shot by Marcus Kruger.
6:17 of 3rd period - Shot Blocked by Joni Pitkanen.
6:19 of 3rd period - Snap shot by Jaromir Jagr.
6:19 of 3rd period - Stopped by Al Montoya with a rebound.
6:21 of 3rd period - Slapshot by Jaromir Jagr.
6:21 of 3rd period - Deflect By Marcus Kruger.
6:21 of 3rd period - Stopped by Al Montoya with a rebound.
6:23 of 3rd period - Snap shot by Jonathan Ericsson.
6:23 of 3rd period - Shot Misses the Net.
6:25 of 3rd period - Slapshot by Oliver Ekman-Larsson.
6:25 of 3rd period - Stopped by Al Montoya with a rebound.
6:43 of 3rd period - Snap shot by Marcus Kruger.
6:43 of 3rd period - Shot Blocked by Joni Pitkanen.
6:45 of 3rd period - Snap shot by Dany Heatley.
6:45 of 3rd period - Stopped by Al Montoya with a rebound.
7:13 of 3rd period - Snap shot by Dany Heatley.
7:13 of 3rd period - Stopped by Al Montoya with a rebound.
7:15 of 3rd period - Slapshot by Oliver Ekman-Larsson.
7:15 of 3rd period - Stopped by Al Montoya with a rebound.
7:17 of 3rd period - Slapshot by Oliver Ekman-Larsson.
7:17 of 3rd period - Deflect By Dany Heatley.
7:17 of 3rd period - Goal by Dany Heatley - Blackhawks : 1 - Flyers : 6.
7:18 of 3rd period - Drew Miller wins face-off versus Peter Regin in neutral zone.
7:35 of 3rd period - Snap shot by Drew Miller.
7:35 of 3rd period - Shot Misses the Net.
7:37 of 3rd period - Minor Penalty to Michael Frolik for Holding.
7:38 of 3rd period - Rick Nash wins face-off versus J.T. Miller in Blackhawks zone.
9:09 of 3rd period - Jonathan Ericsson is hit by Joni Pitkanen and loses puck.
9:37 of 3rd period - Penalty to Michael Frolik is over, Michael Frolik is back on ice.
9:48 of 3rd period - Snap shot by Michael Frolik.
9:48 of 3rd period - Deflect By Jonathan Ericsson.
9:48 of 3rd period - Stopped by Cory Schneider without a rebound.
9:49 of 3rd period - Cody Eakin wins face-off versus Peter Regin in Flyers zone.
10:05 of 3rd period - Snap shot by Chris Mcallister.
10:05 of 3rd period - Shot Blocked by Kevin Marshall.
11:03 of 3rd period - Wrist shot by Rick Nash.
11:03 of 3rd period - Shot Misses the Net.
11:17 of 3rd period - Slapshot by Chris Mcallister.
11:17 of 3rd period - Stopped by Al Montoya with a rebound.
13:15 of 3rd period - Wrist shot by Kyle Wellwood.
13:15 of 3rd period - Stopped by Al Montoya with a rebound.
13:36 of 3rd period - Slapshot by Ryan Johansen.
13:36 of 3rd period - Shot Blocked by Victor Bartley.
13:38 of 3rd period - Wrist shot by Lasse Kukkonen.
13:38 of 3rd period - Deflect By Matt Smaby.
13:38 of 3rd period - Stopped by Cory Schneider without a rebound.
13:39 of 3rd period - J.T. Miller wins face-off versus Peter Regin in Flyers zone.
13:45 of 3rd period - Off-side.
13:46 of 3rd period - Kyle Wellwood wins face-off versus Peter Regin in neutral zone.
13:49 of 3rd period - Mike Green is hit by Mats Zuccarello and loses puck.
14:06 of 3rd period - Jeff Woywitka is hit by Peter Regin and loses puck.
14:21 of 3rd period - Snap shot by J.T. Miller.
14:21 of 3rd period - Deflect By Kyle Wellwood.
14:21 of 3rd period - Shot Blocked by Mike Green.
14:21 of 3rd period - Puck is out of play.
14:22 of 3rd period - Jeff Carter wins face-off versus Derick Brassard in Blackhawks zone.
14:25 of 3rd period - Snap shot by Drew Miller.
14:25 of 3rd period - Shot Blocked by Chris Kreider.
14:31 of 3rd period - Derick Brassard is hit by Victor Bartley and loses puck.
15:31 of 3rd period - Slapshot by Kyle Wellwood.
15:31 of 3rd period - Shot Misses the Net.
15:39 of 3rd period - Wrist shot by Antoine Roussel.
15:39 of 3rd period - Stopped by Cory Schneider without a rebound.
15:40 of 3rd period - Jeff Carter wins face-off versus Chris Kreider in Flyers zone.
16:29 of 3rd period - Wrist shot by Dany Heatley.
16:29 of 3rd period - Stopped by Al Montoya with a rebound.
16:35 of 3rd period - Slapshot by Marcus Kruger.
16:35 of 3rd period - Stopped by Al Montoya with a rebound.
16:37 of 3rd period - Snap shot by Marcus Kruger.
16:37 of 3rd period - Stopped by Al Montoya with a rebound.
16:50 of 3rd period - Off-side.
16:51 of 3rd period - Cody Eakin wins face-off versus Zac Rinaldo in neutral zone.
17:04 of 3rd period - Joni Pitkanen is hit by Jonathan Ericsson and loses puck.
17:43 of 3rd period - Mike Green is hit by Drew Miller and loses puck.
18:58 of 3rd period - Snap shot by Drew Miller.
18:58 of 3rd period - Shot Misses the Net.
19:02 of 3rd period - Wrist shot by Jeff Carter.
19:02 of 3rd period - Stopped by Al Montoya with a rebound.
19:14 of 3rd period - Snap shot by Drew Miller.
19:14 of 3rd period - Shot Misses the Net.
19:26 of 3rd period - Wrist shot by Jeff Carter.
19:26 of 3rd period - Shot Misses the Net.
19:40 of 3rd period - Snap shot by Jeff Carter.
19:40 of 3rd period - Shot Blocked by Joni Pitkanen.
19:42 of 3rd period - Slapshot by Jeff Carter.
19:42 of 3rd period - Stopped by Al Montoya with a rebound.
19:54 of 3rd period - Slapshot by Jeff Carter.
19:54 of 3rd period - Shot Blocked by Joni Pitkanen.
19:56 of 3rd period - Snap shot by Jeff Carter.
19:56 of 3rd period - Stopped by Al Montoya with a rebound.
19:58 of 3rd period - Slapshot by Oliver Ekman-Larsson.
19:58 of 3rd period - Deflect By Jeff Carter.
19:58 of 3rd period - Shot Misses the Net.
19:58 of 3rd period - Puck is out of play.
19:59 of 3rd period - Derick Brassard wins face-off versus Kyle Wellwood in Blackhawks zone.
Goals for this period are 0 for Blackhawks vs 2 for Flyers.
Shots for this period are 4 for Blackhawks vs 19 for Flyers.
Back to the Top